 Dungeon Crawl Stone Soup version 0.31-a0-1206-g41278d8d1d (webtiles) character file.

Game seed: 4793708449712351638

562 jasper the Destroyer (level 7, -1/46 HPs)
             Began as a Demonspawn Conjurer on Dec 12, 2023.
             Slain by an acid dragon (4 damage)
             ... on level 4 of the Dungeon on Dec 13, 2023.
             The game lasted 00:06:24 (3426 turns).

jasper the Destroyer (Demonspawn Conjurer)          Turns: 3426, Time: 00:06:25

Health: -1/46      AC:  1    Str:  8    XL:     7   Next: 10%
Magic:  2/10       EV: 12    Int: 20    God:
Gold:   138        SH:  0    Dex: 16    Spells: 3/10 levels left

rFire   . . .        i - +9 dagger "Bung" {vamp, rC+ Dex+5}
rCold   + . .        (no shield)
rNeg    . . .        a - +0 robe
rPois   .            (no helmet)
rElec   .            (no cloak)
rCorr   +            (no gloves)
SInv    +            (no boots)
Will    .....        (no amulet)
Stlth   ++           k - ring of see invisible
HPRegen 0.27/turn    t - ring of resist corrosion
MPRegen 0.24/turn

%: no passive effects
@: corroded
A: yellow scales 2, magic regeneration
a: no special abilities


You were on level 4 of the Dungeon.
You visited 1 branch of the dungeon, and saw 7 of its levels.

You collected 138 gold pieces.

Inventory:

Hand Weapons
 c - a +0 dagger
 e - a +0 hand axe
 i - the +9 dagger "Bung" (weapon) {vamp, rC+ Dex+5}
   (You found it on level 3 of the Dungeon)

   Dex+5:     It affects your dexterity (+5).
   rC+:       It protects you from cold.
 n - a +0 morningstar
 r - a +0 sling
Missiles
 g - 22 stones
 j - 6 poisoned darts
 l - 5 boomerangs
Armour
 a - a +0 robe (worn)
 h - an orb of energy
Jewellery
 k - a ring of see invisible (left hand)
 t - a ring of resist corrosion (right hand)
Wands
 m - a wand of charming (1)
Scrolls
 p - a scroll of vulnerability
Potions
 b - a potion of magic
 d - a potion of might
 f - 3 potions of curing
 s - a potion of resistance


   Skills:
 - Level 1.7 Dodging
 - Level 1.7 Stealth
 - Level 2.0 Spellcasting
 + Level 8.6 Conjurations


You had 3 spell levels left.
You knew the following spells:

 Your Spells              Type           Power      Damage    Failure   Level
a - Magic Dart            Conj           100%       1d8       1%          1
b - Searing Ray           Conj           72%        2d7       1%          2
c - Fulminant Prism       Conj/Hex       9%         3d7       26%         4

Your spell library contained the following spells:

 Spells                   Type           Power      Damage    Failure   Level
 Static Discharge         Conj/Air       38%        3-5/arc   4%          2
 Dazzling Flash           Conj/Hex       38%        N/A       8%          3
 Iskenderun's Mystic Bla  Conj/Tloc      19%        2d6       26%         4
 Airstrike                Air            1%         2d(1-17)  83%         4
 Summon Lightning Spire   Summ/Air       2%         N/A       83%         4


Dungeon Overview and Level Annotations

Branches:
Dungeon (7/15)
 Temple: D:4-7

Altars:

Shops:
D:1 *


Innate Abilities, Weirdness & Mutations

You are mostly covered in yellow scales. (AC +3)
You regenerate magic rapidly.


Message History

The searing ray hits the acid dragon.
The acid dragon is heavily wounded.
The acid dragon spits acid at you. The splash of acid hits you. You resist.
You take 3 damage, and have 23/46 hp.
You now have 7/10 mp.
The searing ray hits the acid dragon!
The acid dragon is severely wounded.
You now have 6/10 mp.
The searing ray hits the acid dragon.
The acid dragon is severely wounded.
You finish channelling your searing ray.
Casting: Searing Ray (safe; 1% risk of failure)
Confirm with . or Enter, or press ? or * to list all spells.
Aiming: Searing Ray (safe; 1% risk of failure)
Press: ? - help, Shift-Dir - straight line, f/p - acid dragon
Aim: an acid dragon (severely wounded, catching its breath, 81% to hit)
The searing ray hits the acid dragon.
The acid dragon is almost dead.
The searing ray hits the wight!
The wight is severely damaged. (Press . to maintain the ray.)
You now have 4/10 mp.
The searing ray hits the acid dragon.
The acid dragon is almost dead.
The searing ray hits the wight.
You destroy the wight!
The acid dragon misses you. The acid dragon barely misses you.
You now have 3/10 mp.
The searing ray hits the acid dragon but does no damage.
The acid dragon is almost dead.
The acid dragon bites you! The acid dragon claws you.
* * * LOW HITPOINT WARNING * * *
You take 11 damage, and have 13/46 hp.
MASSIVE DAMAGE!!
You now have 2/10 mp.
The searing ray hits the acid dragon but does no damage.
The acid dragon is almost dead.
You finish channelling your searing ray.
The acid dragon bites you!
* * * LOW HITPOINT WARNING * * *
The acid dragon claws you.
You die...

##..###.### #..# #.# ##...#..##
#..# #.## ##.......# #..# #..#
*#.......## #..######..#####
,.........# #..............##
,.........######....##.........#
,...###..........#######.......#*
,...###..######..# ##..####..*
,.,..##..#######@# ##..## **,,
,,,.....########D# ##..## **,
,,*########.####)####..## **
,,*####.###.#.##..##..##
,,,#.###.......[.....##
**,##..§..D.........##
**#zz.##.z######....#
**##....§§####..#...#
*,....Kg.....##.....#


You could see an acid dragon.

Vanquished Creatures
  An ice beast (D:5)
  An ogre (D:5)
  2 bullfrogs
  A wight (D:4)
  A howler monkey (D:7)
  A jelly (D:5)
  2 adders
  A shadow imp (D:6)
  2 ufetubi (D:6)
  2 dart slugs
  5 orcs (D:2)
  2 bats (D:2)
  3 endoplasms
  A giant cockroach (D:2)
  2 hobgoblins
  4 jackals (D:1)
  2 quokkas
  4 ball pythons
  2 frilled lizards (D:1)
  7 goblins
  4 kobolds
  6 rats
56 creatures vanquished.

Vanquished Creatures (collateral kills)
  A wight (D:4)
  A hobgoblin (D:4)
2 creatures vanquished.

Grand Total: 58 creatures vanquished

Notes
Turn   | Place    | Note
-------+----------+-------------------------------------------
     0 | D:1      | jasper the Demonspawn Conjurer began the quest for the Orb.
     0 | D:1      | Reached XP level 1. HP: 13/13 MP: 3/3
   368 | D:1      | Found Quaf Fota's Assorted Antiques.
   409 | D:1      | Gained mutation: You are partially covered in yellow
                  | scales. (AC +2) [demonic ancestry]
   409 | D:1      | Reached XP level 2. HP: 19/19 MP: 1/5
   429 | D:1      | Learned a level 2 spell: Searing Ray
  1534 | D:2      | Reached skill level 5 in Conjurations
  1578 | D:2      | Gained mutation: You regenerate magic rapidly. [demonic
                  | ancestry]
  1578 | D:2      | Reached XP level 3. HP: 24/24 MP: 4/6
  1844 | D:2      | Upgraded the game from 0.31-a0-1204-ge2c1a860ed to
                  | 0.31-a0-1206-g41278d8d1d
  2519 | D:3      | Identified the +9 dagger "Bung" {vamp, rC+ Dex+5}
  2538 | D:3      | You fall into a shaft and drop 3 floors!
  2550 | D:6      | Reached XP level 4. HP: 30/30 MP: 2/7
  2832 | D:7      | Reached skill level 6 in Conjurations
  2835 | D:7      | Noticed a bullfrog
  2840 | D:7      | Killed a bullfrog
  2841 | D:7      | Reached XP level 5. HP: 30/35 MP: 2/8
  2865 | D:7      | Learned a level 4 spell: Fulminant Prism
  2887 | D:7      | Noticed a black bear
  2893 | D:6      | Reached skill level 7 in Conjurations
  3057 | D:5      | Entered Level 5 of the Dungeon
  3076 | D:6      | Noticed a black bear
  3134 | D:5      | Gained mutation: You are mostly covered in yellow scales.
                  | (AC +3) [demonic ancestry]
  3134 | D:5      | Reached XP level 6. HP: 41/41 MP: 4/9
  3237 | D:5      | Noticed an ice beast
  3241 | D:5      | Killed an ice beast
  3242 | D:5      | Reached skill level 8 in Conjurations
  3363 | D:4      | Noticed an acid dragon
  3394 | D:4      | Reached XP level 7. HP: 28/46 MP: 6/10
  3426 | D:4      | Slain by an acid dragon

Illustrated notes

Levels and vault maps discovered:
D:1:      heliophobic_arrival_henge, layout_loops_corners, serial_shops,
          nicolae_shop_waterfront, serial_bayou, serial_bayou_pond_b,
          serial_bayou_crossing, serial_bayou_ford_a, serial_bayou_pond_b
D:2:      layout_basic, kennysheep_boxes
D:3:      layout_loops_ring, mainiacjoe_overflow_boulevard, grunt_decor_cap
D:4:      layout_layer_cave, portal_sewer_entry_e
D:5:      layout_gridville
D:6:      layout_gridville, nicolae_dithmenos_shadow_blocks
D:7:      layout_basic, minmay_temple_entry_purple_smoke, uniq_prince_ribbit1

Skill      XL: |  1  2  3  4  5  6 |
---------------+-------------------+-----
Conjurations   | 5 6 7 8 |  8.6
Dodging        | |  1.7
Stealth        | |  1.7
Spellcasting   | |  2.0

Action                     |  1- 3 |  4- 6 |  7- 9 || total
---------------------------+-------+-------+-------++-------
  Melee: Hand axe          |    22 |       |       ||    22
         Dagger            |       |     7 |       ||     7
   Cast: Magic Dart        |    84 |    19 |     1 ||   104
         Searing Ray       |     2 |     7 |     2 ||    11
    Use: Scroll            |     4 |     6 |       ||    10
 Armour: Robe              |    19 |    10 |     6 ||    35
  Dodge: Dodged            |    22 |     7 |     2 ||    31

Table legend: (Time is in decaauts)
 A = Elapsed time spent in this place.
 B = Non-inter-level travel time spent in this place.
 C = Inter-level travel time spent in this place.
 D = Time resting spent in this place.
 E = Time spent auto-exploring this place.
 F = Levels seen in this place.
 G = Mean time per level.
                   A        B        C        D        E       F      G
               +--------+--------+--------+--------+--------+-----+--------+
         Total |   3448 |   3340 |    108 |    390 |   2474 |   7 |  492.6 |
       Dungeon |   3448 |   3340 |    108 |    390 |   2474 |   7 |  492.6 |
               +--------+--------+--------+--------+--------+-----+--------+

Top non-repeatable levels by time:
     D:1: 1431 daAuts
     D:2: 1086 daAuts
     D:6: 487 daAuts
     D:5: 196 daAuts
     D:4: 124 daAuts
     D:7: 80 daAuts
     D:3: 41 daAuts
